 Dungeon Crawl Stone Soup version 0.21-a0-55-gb612c23 (webtiles) character file.

1173 KristoblXynda the Skirmisher (level 8, -4/87 HPs)
             Began as an Ogre Monk on June 15, 2017.
             Was an Elder of Nemelex Xobeh.
             Slain by Prince Ribbit (9 damage)
             ... on level 6 of the Dungeon.
             The game lasted 00:19:01 (4691 turns).

KristoblXynda the Skirmisher (Ogre Monk)            Turns: 4691, Time: 00:19:02

Health: -4/87      AC:  5    Str: 17    XL:     8   Next: 41%
Magic:  12/12      EV: 10    Int: 12    God:    Nemelex Xobeh [****..]
Gold:   252        SH:  3    Dex: 11    Spells: 7/7 levels left

rFire    . . .     SeeInvis .   t - +5 quarterstaff (chaos)
rCold    . . .     Gourm    .   (shield currently unavailable)
rNeg     . . .     Faith    .   b - +0 robe
rPois    .         Spirit   .   (helmet restricted)
rElec    .         Reflect  +   u - +1 cloak
rCorr    .         Harm     .   (gloves unavailable)
MR       .....                  (boots unavailable)
Stlth    ++........             F - +3 amulet of reflection
HPRegen  0.24/turn              (no ring)
MPRegen  0.13/turn              (no ring)

@: about to teleport
A: unfitting armour, tough skin 1
a: Triple Draw, Deal Four, Renounce Religion


You were on level 6 of the Dungeon.
You worshipped Nemelex Xobeh.
Nemelex Xobeh was greatly pleased with you.
You were not hungry.

You visited 1 branch of the dungeon, and saw 6 of its levels.

You collected 252 gold pieces.

Inventory:

Hand Weapons
 t - a +5 quarterstaff of chaos (weapon)
Armour
 b - a +0 robe (worn)
 u - a +1 cloak (worn)
Magical Staves
 A - an uncursed staff of wizardry
Jewellery
 F - a +3 amulet of reflection (around neck)
Wands
 a - a wand of lightning (10/15)
 v - a wand of lightning (13/15)
Scrolls
 l - 5 scrolls of teleportation
 n - a scroll of remove curse
 o - 2 scrolls of amnesia
 I - 2 scrolls of enchant armour
Potions
 e - a potion of magic {unknown}
 g - a potion of haste {unknown}
 m - 2 potions of curing
 p - a potion of agility {unknown}
 r - a potion of resistance {unknown}
 s - 2 potions of flight
 w - a potion of lignification {unknown}
 x - a potion of might
 H - a potion of degeneration {unknown}
Books
 B - a book of Unlife

   Spells                             Type                      Level
   a - Recall                         Summoning/Translocation      3
   b - Animate Dead                   Necromancy                   4
   c - Control Undead                 Necromancy                   4
   d - Cigotuvi's Embrace             Necromancy                   5
   e - Death Channel                  Necromancy                   6
   f - Simulacrum                     Ice/Necromancy               6
 E - a book of Flames

   Spells                             Type                      Level
   a - Flame Tongue                   Conjuration/Fire             1
   b - Throw Flame                    Conjuration/Fire             2
   c - Conjure Flame                  Conjuration/Fire             3
   d - Inner Flame                    Hexes/Fire                   3
   e - Sticky Flame                   Conjuration/Fire             4
   f - Fireball                       Conjuration/Fire             5
Miscellaneous
 i - an ornate deck of summoning {drawn: 3}
 j - a plain deck of escape
 k - a plain deck of destruction {drawn: 4}
 q - a plain deck of summoning
 z - an ornate deck of summoning
 D - a plain deck of destruction
Comestibles
 c - 5 bread rations
 d - a meat ration
 f - 3 fruits
 h - 2 royal jellies


   Skills:
 + Level 7.5 Fighting
   Level 4.6(5.1) Maces & Flails
 + Level 3.3(4.7) Staves
 - Level 2.0 Armour
 - Level 3.0 Dodging
 - Level 1.4 Stealth
 + Level 5.4 Invocations
 + Level 1.3 Evocations


You had 7 spell levels left.
You didn't know any spells.

Dungeon Overview and Level Annotations

Branches:
Dungeon (6/15)             Temple (0/1) D:6

Altars:
Cheibriados
Elyvilon
Nemelex Xobeh
Yredelemnul

Shops:
D:5 (

Annotations:
D:6 Prince Ribbit


Innate Abilities, Weirdness & Mutations

You are too large for most types of armour.
You have tough skin. (AC +1)


Message History

You closely miss something. Something hits you.
You sock something! You freeze something. Something hits you!
You miss something. Something hits you!
You sock something! Something hits you!!
You closely miss something. Something hits you! x2
* * * LOW HITPOINT WARNING * * *
You completely miss something. Something hits you!
* * * LOW HITPOINT WARNING * * *
Unknown command.
Okay, then.
You feel much better. Something hits you!
* * * LOW HITPOINT WARNING * * *
You hear some strange, mumbled words.
You feel better. Something hits you!
* * * LOW HITPOINT WARNING * * *
As you read the scroll of teleportation, it crumbles to dust.
You feel strangely unstable. Something hits you!
You die...
Your body disappears without a glow.

###+##..##...#######...###...##..
#...##..##...##.####...###<..####
....#........'.....#..>#.........
....+.......>#.....#..,#.........
....#........#.....+..,+.........
##..##.##....###..#######....##..
##..##'#########.>##...##########
.+......#...............*
.#......#....?..@.......***
.#......#............<.≈≈≈**
.#......+.............≈≈≈≈≈*
##.##..##.##..#.?#....≈≈∩≈≈*
##'#####***##########.≈≈,≈≈*
....# *..≈,≈** ....# **..,**
....# ***** .#..#


There were no monsters in sight!

Vanquished Creatures
  The ghost of HAL9000 the Cudgeler, a novice OgHu of Makhleb (D:4)
  Eustachio (D:5)
  An ogre (D:4)
  A phantom (D:6)
  A scorpion (D:4)
  A centaur zombie (D:5)
  An orc priest (D:5)
  A bullfrog skeleton (D:5)
  An orc wizard (D:5)
  Jessica (D:3)
  An iguana (D:4)
  3 worker ants
  A worker ant zombie (D:6)
  A gnoll (D:4)
  8 adders
  A shadow imp (D:5)
  An ooze (D:1)
  2 worms
  A dart slug (D:4)
  2 leopard geckos
  16 orcs
  12 ball pythons
  9 giant cockroaches
  9 goblins
  2 hobgoblins
  8 jackals
  5 kobolds
  2 quokkas
  4 bats
  11 frilled lizards
  A jackal skeleton (D:5)
  2 quokka zombies
  10 rats
122 creatures vanquished.

Vanquished Creatures (collateral kills)
  Grinder (D:4)
  Crazy Yiuf (D:2)
  A worker ant (D:4)
  An ooze (D:2)
  A hobgoblin (D:2)
  A jackal (D:2)
6 creatures vanquished.

Vanquished Creatures (others)
  A ball lightning (D:6)
1 creature vanquished.

Grand Total: 129 creatures vanquished

Notes
Turn   | Place    | Note
-------+----------+-------------------------------------------
     0 | D:1      | KristoblXynda the Ogre Monk began the quest for the Orb.
     0 | D:1      | Reached XP level 1. HP: 24/24 MP: 1/1
   115 | D:1      | Reached XP level 2. HP: 23/32 MP: 2/2
   529 | D:1      | Reached skill level 1 in Armour
   638 | D:1      | Reached XP level 3. HP: 28/39 MP: 3/3
  1007 | D:2      | Found a white marble altar of Elyvilon.
  1008 | D:2      | Found a sparkling altar of Nemelex Xobeh.
  1012 | D:2      | Became a worshipper of Nemelex Xobeh the Trickster
  1012 | D:2      | Received a gift from Nemelex Xobeh
  1012 | D:2      | Reached * piety under Nemelex Xobeh
  1012 | D:2      | Received a gift from Nemelex Xobeh
  1012 | D:2      | Received a gift from Nemelex Xobeh
  1012 | D:2      | Reached ** piety under Nemelex Xobeh
  1094 | D:2      | Found a snail-covered altar of Cheibriados.
  1178 | D:2      | Reached XP level 4. HP: 28/48 MP: 4/4
  1322 | D:2      | Reached skill level 1 in Invocations
  1490 | D:2      | Found a runed door.
  1539 | D:2      | Noticed Crazy Yiuf
  1542 | D:2      | Killed Crazy Yiuf
  1715 | D:3      | Reached XP level 5. HP: 47/54 MP: 6/6
  2183 | D:3      | Received a gift from Nemelex Xobeh
  2270 | D:3      | Noticed Jessica
  2281 | D:3      | Killed Jessica
  2417 | D:4      | Noticed HAL9000's ghost (novice OgHu)
  2443 | D:4      | Killed HAL9000's ghost
  2443 | D:4      | Reached skill level 5 in Fighting
  2443 | D:4      | Reached XP level 6. HP: 36/66 MP: 6/8
  2528 | D:4      | Reached XP level 7. HP: 54/72 MP: 9/9
  2648 | D:4      | Found a basalt altar of Yredelemnul.
  2695 | D:4      | Reached *** piety under Nemelex Xobeh
  2760 | D:4      | Reached skill level 1 in Staves
  2848 | D:4      | Reached skill level 6 in Fighting
  3102 | D:4      | Noticed Grinder
  3104 | D:4      | Received a gift from Nemelex Xobeh
  3114 | D:4      | Killed Grinder
  3285 | D:5      | Entered Level 5 of the Dungeon
  3453 | D:5      | Reached XP level 8. HP: 84/84 MP: 11/11
  3871 | D:5      | Reached **** piety under Nemelex Xobeh
  3890 | D:5      | Reached skill level 7 in Fighting
  3915 | D:5      | Found Ymuclock's Weapon Shoppe.
  3924 | D:5      | Noticed Eustachio
  3942 | D:5      | Killed Eustachio
  3942 | D:5      | Reached skill level 5 in Invocations
  3942 | D:5      | Reached skill level 1 in Evocations
  4420 | D:6      | Noticed Prince Ribbit
  4582 | D:6      | Found a staircase to the Ecumenical Temple.
  4669 | D:6      | Received a gift from Nemelex Xobeh
  4691 | D:6      | Slain by Prince Ribbit

Vault maps used:
D:1:      dpeg_arrival_water_temple_mockup
D:2:      lemuel_upstairs_altar, lemuel_crystal_altar,
          gammafunk_temple_overflow_statue, uniq_crazy_yiuf_cottage
D:3:      minmay_liquid_box, minmay_misc_feat_x, hex_intersection,
          minmay_snake_closets, uniq_jessica
D:4:      yredelemnul_altar_generic, corexii_checkpoint_b,
          minmay_tree_intersection, uniq_grinder
D:5:      first_bread, serial_shops, kennysheep_little_box, grunt_decor_cap,
          uniq_eustachio
D:6:      minmay_temple_entry_mist, serial_shops, nicolae_shop_waterfront,
          uniq_blork_the_orc, uniq_prince_ribbit1

Skill      XL: |  1  2  3  4  5  6  7  8 |
---------------+-------------------------+-----
Maces & Flails | 3 4 |  4.6
Armour         | 1 2 |  2.0
Dodging        | 3 |  3.0
Invocations    | 1 3 4 5 |  5.4
Fighting       | 5 6 7 |  7.5
Staves         | 2 3 |  3.3
Evocations     | 1 |  1.3
Stealth        | |  1.4

Action                   |  1- 3 |  4- 6 |  7- 9 || total
-------------------------+-------+-------+-------++-------
Melee: Mace              |   136 |    32 |       ||   168
       Quarterstaff      |       |    65 |   134 ||   199
Evoke: Deck              |     1 |     3 |     3 ||     7
  Use: Scroll            |       |       |    15 ||    15
       Potion            |       |       |     2 ||     2
 Stab: Sleeping          |       |     7 |     4 ||    11
       Petrified         |       |     1 |     8 ||     9
       Paralysed         |       |     1 |       ||     1
  Eat: Fruit             |     1 |       |     1 ||     2
       Chunk             |       |     5 |     6 ||    11
Armor: Robe              |    45 |    33 |    26 ||   104
Dodge: Dodged            |    88 |    51 |    55 ||   194
Block: Other             |       |       |    11 ||    11
